St.Louis Blues vs Detroit Red Wings
Created - Thursday, August 29, 2024 at 09:14
Goals
|
| St.Louis Blues |
0 |
1 |
0 |
1 |
2 |
| Detroit Red Wings |
1 |
0 |
0 |
0 |
1 |
|
Shots
|
| St.Louis Blues |
12 |
7 |
9 |
1 |
29 |
| Detroit Red Wings |
7 |
16 |
16 |
0 |
39 |
|
1st period
1. Detroit Red Wings , Steven Stamkos 5 (Zachary Werenski 4) at 5:40
Penalties :
Kevin Stenlund (DET) for Holding (Minor) at 7:51
2nd period
2. St.Louis Blues , Yanni Gourde 1 (Alex Tuch 2) at 13:31
Penalties :
Robert Thomas (STL) for Tripping (Minor) at 7:45
3rd period
No Goal
Penalties :
MacKenzie Weegar (DET) for Attempt to injure (Major / Game Misconduct) at 14:13
Overtime #1
3. St.Louis Blues , Elias Pettersson 4 (Alex Pietrangelo 4, Elias Lindholm 6) at 0:08
Penalties :
No Penalty
Goalie Stats
Connor Hellebuyck (STL), 38 saves from 39 shots - (0.974), W, 6-3-0, 60:08 minutes
Laurent Brossoit (DET), 13 saves from 13 shots - (1.000), 20:14 minutes
Calvin Pickard (DET), 14 saves from 16 shots - (0.875), OTL, 4-0-2, 39:54 minutes
Players Stats for St.Louis Blues
Player Name G A P +/- PIM S H SB GA TA FO MP PP MP PK MP
------------------------------------------------------------------------------------
Alex Pietrangelo 0 1 1 2 0 3 0 1 0 1 0/0 24:33 2:55 0:00
Alex Tuch 0 1 1 0 0 2 2 0 1 1 0/0 12:51 2:36 0:00
Colin Blackwell 0 0 0 1 0 2 0 0 0 0 0/0 9:18 0:51 0:00
Colton Parayko 0 0 0 2 0 0 2 3 0 4 0/0 23:22 0:00 1:11
Dakota Joshua 0 0 0 0 0 3 1 0 0 0 2/2 11:36 1:10 0:00
Elias Lindholm 0 1 1 1 0 0 2 0 1 0 5/10 19:01 2:47 0:59
Elias Pettersson 1 0 1 0 0 5 3 0 1 1 2/3 20:00 2:39 0:00
Jaccob Slavin 0 0 0 -1 0 1 1 1 1 0 0/0 19:24 0:00 0:48
Jake Guentzel 0 0 0 0 0 0 4 0 1 0 0/0 18:02 2:53 0:00
Jake Sanderson 0 0 0 -1 0 1 1 3 1 1 0/0 22:50 3:15 1:11
Lars Eller 0 0 0 0 0 3 0 0 0 0 5/7 12:34 0:36 1:00
Logan O'Connor 0 0 0 1 0 1 1 1 0 0 0/1 11:01 1:29 1:00
Mark Stone 0 0 0 -1 0 1 0 0 0 0 1/2 19:35 2:41 0:00
Mikhail Sergachev 0 0 0 0 0 0 1 1 0 0 0/0 11:57 1:34 0:00
Nick Leddy 0 0 0 0 0 0 0 2 0 0 0/0 12:04 0:40 0:48
Robert Thomas 0 0 0 -1 2 1 0 2 0 0 11/27 20:00 2:42 0:00
Tage Thompson 0 0 0 0 0 2 3 1 1 0 0/0 17:42 2:47 0:00
Yanni Gourde 1 0 1 1 0 4 0 1 0 2 3/4 12:42 3:15 0:59
Players Stats for Detroit Red Wings
Player Name G A P +/- PIM S H SB GA TA FO MP PP MP PK MP
------------------------------------------------------------------------------------
Brendan Gallagher 0 0 0 -1 0 3 1 0 2 0 0/0 7:54 0:00 0:21
Carter Verhaeghe 0 0 0 -1 0 3 2 0 0 0 0/0 17:01 0:39 0:00
Christian Fischer 0 0 0 0 0 2 2 0 0 0 0/0 13:49 0:00 0:00
Daniel Sprong 0 0 0 0 0 6 2 0 1 0 0/0 15:07 0:00 1:35
Jackson LaCombe 0 0 0 -1 0 0 1 0 0 0 0/0 18:37 0:00 3:21
Jared McCann 0 0 0 1 0 2 2 0 2 0 0/1 18:01 1:20 2:40
Keegan Kolesar 0 0 0 -1 0 2 1 0 0 0 0/0 10:08 0:00 2:41
Kevin Shattenkirk 0 0 0 -2 0 0 2 1 1 2 0/0 14:58 0:39 2:00
Kevin Stenlund 0 0 0 -1 2 2 1 0 0 0 2/5 9:17 0:00 1:45
MacKenzie Weegar 0 0 0 1 15 1 2 0 0 1 0/0 24:00 1:20 1:08
Matthew Boldy 0 0 0 0 0 3 1 0 0 1 1/1 16:53 0:39 0:00
Mika Zibanejad 0 0 0 -1 0 2 1 0 1 0 6/18 19:22 0:39 2:49
Patrick Kane 0 0 0 1 0 0 0 0 3 0 0/2 15:04 1:20 0:00
Raphael Lavoie 0 0 0 0 0 1 2 0 0 0 8/15 14:07 0:00 0:38
Shayne Gostisbehere 0 0 0 0 0 2 0 0 0 2 0/0 18:36 0:39 0:52
Steven Stamkos 1 0 1 1 0 7 5 0 0 1 10/14 16:55 1:20 1:48
Zach Bogosian 0 0 0 0 0 2 4 0 0 0 0/0 19:59 0:00 3:02
Zachary Werenski 0 1 1 0 0 1 0 1 0 0 0/0 23:44 1:20 3:12
3 Stars
1 - Connor Hellebuyck (STL)
2 - Steven Stamkos (DET)
3 - Elias Pettersson (STL)
Power Play
St.Louis Blues - 0 on 2 Attempt(s) - 0.00%
Detroit Red Wings - 0 on 1 Attempt(s) - 0.00%
Penalty Kill
St.Louis Blues - 1 on 1 Attempt(s) - 100.00%
- Score 0 goal in Penalty Kill
Detroit Red Wings - 2 on 2 Attempt(s) - 100.00%
- Score 0 goal in Penalty Kill
Team Stat
St.Louis Blues - Hits : 21 - Faceoff Wins : 29 - Blocked Shots : 16 - Penalty Minutes : 2
Detroit Red Wings - Hits : 29 - Faceoff Wins : 27 - Blocked Shots : 2 - Penalty Minutes : 17
Official
Referees : Tj Luxmore and Furman South
Linesman : Tyson Baker and Ryan Galloway
Game Notes
Laurent Brossoit is injured at 0:14 of 2nd period (Left Hip)
Calvin Pickard enters game at 0:14 of 2nd period
MacKenzie Weegar (DET) for Attempt to injure (Major / Game Misconduct) at 14:13
MacKenzie Weegar ejected from game at 14:13 of 3rd period
Finance
Level 1 -- Attendance: 4457 (74.28%) -- Ticket Income $445,700
Level 2 -- Attendance: 4185 (83.70%) -- Ticket Income $251,100
Level 3 -- Attendance: 2314 (77.13%) -- Ticket Income $80,990
Level 4 -- Attendance: 3685 (73.70%) -- Ticket Income $92,125
Luxury Box -- Attendance: 793 (79.30%) -- Ticket Income $158,600
Game was played at the Joe Louis Arena.
Total Attendance: 15434 (77.17%)
Total Ticket Income: $1,028,515
Other Income: $359,980
Total Income: $1,388,495
St.Louis Blues
5 vs 5 Forward
Center Left Wing Right Wing Time % Phy DF OF
1 Robert Thomas Elias Pettersson Mark Stone 40 0 2 3
2 Elias Lindholm Jake Guentzel Tage Thompson 30 0 2 3
3 Lars Eller Dakota Joshua Alex Tuch 20 1 2 2
4 Yanni Gourde Logan O'Connor Colin Blackwell 10 1 3 1
5 vs 5 Defense
Defense Defense Time % Phy DF OF
1 Colton Parayko Alex Pietrangelo 45 1 2 2
2 Jake Sanderson Jaccob Slavin 35 1 2 2
3 Nick Leddy Mikhail Sergachev 20 1 2 2
4 Alex Pietrangelo Colton Parayko 0 1 2 2
PowerPlay Forward
Center Left Wing Right Wing Time % Phy DF OF
1 Robert Thomas Elias Pettersson Jake Guentzel 60 1 0 4
2 Elias Lindholm Tage Thompson Mark Stone 40 1 0 4
PowerPlay Defense
Defense Defense Time % Phy DF OF
1 Yanni Gourde Jake Sanderson 60 0 1 4
2 Alex Tuch Alex Pietrangelo 40 0 1 4
Penalty Kill 4 Players Forward
Center Wing Time % Phy DF OF
1 Lars Eller Logan O'Connor 50 1 4 0
2 Elias Lindholm Yanni Gourde 50 1 4 0
Penalty Kill 4 Players Defense
Defense Defense Time % Phy DF OF
1 Jake Sanderson Colton Parayko 50 1 4 0
2 Jaccob Slavin Nick Leddy 50 1 4 0
Penalty Kill - 3 Players Forward
Forward Time % Phy DF OF
1 Elias Lindholm 50 0 5 0
2 Lars Eller 50 0 5 0
Penalty Kill - 3 Players Defense
Defense Defense Time % Phy DF OF
1 Jake Sanderson Colton Parayko 50 0 5 0
2 Nick Leddy Jaccob Slavin 50 0 5 0
4 vs 4 Forward
Center Wing Time % Phy DF OF
1 Elias Lindholm Elias Pettersson 50 0 2 3
2 Robert Thomas Jake Guentzel 50 0 2 3
4 vs 4 Defense
Defense Defense Time % Phy DF OF
1 Alex Pietrangelo Colton Parayko 50 1 2 2
2 Jaccob Slavin Jake Sanderson 50 1 2 2
Last Minutes Offensive
Center Left Wing Right Wing Defense Defense
Robert Thomas Elias Pettersson Jake Guentzel Tage Thompson Jake Sanderson
Last Minutes Defensive
Center Left Wing Right Wing Defense Defense
Lars Eller Logan O'Connor Elias Lindholm Alex Pietrangelo Colton Parayko
Goaltenders
Starting : Connor Hellebuyck
Backup : Scott Wedgewood
Extra Forwards
Normal : Robert Thomas, Jake Guentzel, Tage Thompson - PP : Mark Stone, Dakota Joshua - PK : Robert Thomas
Extra Defensemen
Normal : Jake Sanderson, Jaccob Slavin, Mikhail Sergachev - PP : Mikhail Sergachev - PK : Jaccob Slavin, Alex Pietrangelo
Penalty Shots
Elias Pettersson, Tage Thompson, Alex Tuch, Yanni Gourde, Jake Guentzel
Scratches
Jack Eichel (Healthy), Nico Sturm (Healthy), Adam Pelech (Healthy)
Detroit Red Wings
5 vs 5 Forward
Center Left Wing Right Wing Time % Phy DF OF
1 Mika Zibanejad Carter Verhaeghe Matthew Boldy 35 1 2 2
2 Steven Stamkos Jared McCann Patrick Kane 30 1 1 3
3 Raphael Lavoie Daniel Sprong Christian Fischer 25 1 2 2
4 Kevin Stenlund Brendan Gallagher Keegan Kolesar 10 2 2 1
5 vs 5 Defense
Defense Defense Time % Phy DF OF
1 Zachary Werenski MacKenzie Weegar 40 1 2 2
2 Zach Bogosian Shayne Gostisbehere 30 1 2 2
3 Kevin Shattenkirk Jackson LaCombe 20 3 1 1
4 Jackson LaCombe MacKenzie Weegar 10 1 2 2
PowerPlay Forward
Center Left Wing Right Wing Time % Phy DF OF
1 Steven Stamkos Jared McCann Patrick Kane 50 0 1 4
2 Mika Zibanejad Carter Verhaeghe Matthew Boldy 50 0 1 4
PowerPlay Defense
Defense Defense Time % Phy DF OF
1 Zachary Werenski MacKenzie Weegar 50 1 2 2
2 Shayne Gostisbehere Kevin Shattenkirk 50 1 2 2
Penalty Kill 4 Players Forward
Center Wing Time % Phy DF OF
1 Mika Zibanejad Jared McCann 50 2 2 1
2 Kevin Stenlund Keegan Kolesar 50 2 2 1
Penalty Kill 4 Players Defense
Defense Defense Time % Phy DF OF
1 Jackson LaCombe MacKenzie Weegar 50 2 2 1
2 Zachary Werenski Zach Bogosian 50 2 2 1
Penalty Kill - 3 Players Forward
Forward Time % Phy DF OF
1 Mika Zibanejad 50 1 2 2
2 Steven Stamkos 50 1 2 2
Penalty Kill - 3 Players Defense
Defense Defense Time % Phy DF OF
1 Jackson LaCombe MacKenzie Weegar 50 1 2 2
2 Zachary Werenski Zach Bogosian 50 2 2 1
4 vs 4 Forward
Center Wing Time % Phy DF OF
1 Mika Zibanejad Carter Verhaeghe 60 1 2 2
2 Steven Stamkos Matthew Boldy 40 1 1 3
4 vs 4 Defense
Defense Defense Time % Phy DF OF
1 Zachary Werenski MacKenzie Weegar 60 1 2 2
2 Zach Bogosian Shayne Gostisbehere 40 1 2 2
Last Minutes Offensive
Center Left Wing Right Wing Defense Defense
Mika Zibanejad Carter Verhaeghe Matthew Boldy Zachary Werenski MacKenzie Weegar
Last Minutes Defensive
Center Left Wing Right Wing Defense Defense
Mika Zibanejad Carter Verhaeghe Matthew Boldy Zachary Werenski MacKenzie Weegar
Goaltenders
Starting : Laurent Brossoit
Backup : Calvin Pickard
Extra Forwards
Normal : Kevin Stenlund, Christian Fischer, Daniel Sprong - PP : Kevin Stenlund, Daniel Sprong - PK : Steven Stamkos
Extra Defensemen
Normal : Kevin Shattenkirk, Shayne Gostisbehere, Zachary Werenski - PP : Kevin Shattenkirk - PK : Kevin Shattenkirk, Jackson LaCombe
Penalty Shots
Mika Zibanejad, Steven Stamkos, Matthew Boldy, Carter Verhaeghe, Jared McCann
Scratches
Alexander Barabanov (Healthy), Philippe Myers (Healthy), Vitek Vanecek (Healthy)
% Time on Ice - St.Louis Blues
Lines # - Real PCT - Wanted PCT - Time Play
Normal Forward
1 - 35% - 40% - 17:39
2 - 29% - 30% - 14:55
3 - 20% - 20% - 10:14
4 - 16% - 10% - 8:15
Normal Defense
1 - 44% - 45% - 22:39
2 - 35% - 35% - 18:03
3 - 20% - 20% - 10:21
4 - 0% - 0% - 0:00
PP Forward
1 - 57% - 60% - 3:59
2 - 43% - 40% - 2:59
PP Defense
1 - 56% - 60% - 3:55
2 - 44% - 40% - 3:03
PK Forward
1 - 50% - 50% - 1:00
2 - 50% - 50% - 0:59
PK Defense
1 - 60% - 50% - 1:11
2 - 40% - 50% - 0:48
PK3 Forward
1 - 0% - 50%
2 - 0% - 50%
PK3 Defense
1 - 0% - 50%
2 - 0% - 50%
44 Forward
1 - 100% - 50% - 0:08
2 - 0% - 50% - 0:00
44 Defense
1 - 100% - 50% - 0:08
2 - 0% - 50% - 0:00
Last Minute Offensive - 0:00
Last Minute Defensive - 0:00
Total
Forward - 60:08
Defense - 60:08
|
% Time on Ice - Detroit Red Wings
Lines # - Real PCT - Wanted PCT - Time Play
Normal Forward
1 - 32% - 35% - 16:27
2 - 27% - 30% - 13:46
3 - 26% - 25% - 13:23
4 - 15% - 10% - 7:27
Normal Defense
1 - 38% - 40% - 19:23
2 - 33% - 30% - 16:46
3 - 22% - 20% - 11:23
4 - 7% - 10% - 3:31
PP Forward
1 - 67% - 50% - 1:20
2 - 33% - 50% - 0:39
PP Defense
1 - 67% - 50% - 1:20
2 - 33% - 50% - 0:39
PK Forward
1 - 49% - 50% - 3:24
2 - 51% - 50% - 3:34
PK Defense
1 - 71% - 50% - 4:58
2 - 29% - 50% - 2:00
PK3 Forward
1 - 0% - 50%
2 - 0% - 50%
PK3 Defense
1 - 0% - 50%
2 - 0% - 50%
44 Forward
1 - 100% - 60% - 0:08
2 - 0% - 40% - 0:00
44 Defense
1 - 100% - 60% - 0:08
2 - 0% - 40% - 0:00
Last Minute Offensive - 0:00
Last Minute Defensive - 0:00
Total
Forward - 60:08
Defense - 60:08
|
Play-by-Play
1st period
0:01 of 1st period - Robert Thomas wins face-off versus Mika Zibanejad in neutral zone.
0:26 of 1st period - Elias Lindholm is hit by Steven Stamkos and loses puck.
2:02 of 1st period - Wrist shot by Carter Verhaeghe.
2:02 of 1st period - Stopped by Connor Hellebuyck with a rebound.
2:47 of 1st period - Elias Lindholm is hit by Matthew Boldy and loses puck.
2:57 of 1st period - Slapshot by Alex Pietrangelo.
2:57 of 1st period - Shot Blocked by Kevin Shattenkirk.
2:59 of 1st period - Slapshot by Colton Parayko.
2:59 of 1st period - Shot Misses the Net.
3:01 of 1st period - Slapshot by Alex Pietrangelo.
3:01 of 1st period - Stopped by Laurent Brossoit with a rebound.
3:21 of 1st period - Jackson LaCombe is hit by Jake Guentzel.
3:37 of 1st period - Jackson LaCombe is hit by Elias Lindholm and loses puck.
4:26 of 1st period - Wrist shot by Tage Thompson.
4:26 of 1st period - Stopped by Laurent Brossoit with a rebound.
5:02 of 1st period - Snap shot by Carter Verhaeghe.
5:02 of 1st period - Shot Blocked by Colton Parayko.
5:16 of 1st period - Wrist shot by Elias Lindholm.
5:16 of 1st period - Shot Misses the Net.
5:18 of 1st period - Slapshot by Colton Parayko.
5:18 of 1st period - Shot Misses the Net.
5:20 of 1st period - Snap shot by Jake Guentzel.
5:20 of 1st period - Deflect By Tage Thompson.
5:20 of 1st period - Stopped by Laurent Brossoit without a rebound.
5:21 of 1st period - Steven Stamkos wins face-off versus Robert Thomas in Detroit Red Wings zone.
5:30 of 1st period - Snap shot by Steven Stamkos.
5:30 of 1st period - Stopped by Connor Hellebuyck without a rebound.
5:31 of 1st period - Steven Stamkos wins face-off versus Robert Thomas in St.Louis Blues zone.
5:40 of 1st period - Slapshot by Steven Stamkos.
5:40 of 1st period - Goal by Steven Stamkos - St.Louis Blues : 0 - Detroit Red Wings : 1.
5:41 of 1st period - Raphael Lavoie wins face-off versus Elias Pettersson in neutral zone.
5:53 of 1st period - Icing by Jake Sanderson.
5:54 of 1st period - Robert Thomas wins face-off versus Steven Stamkos in St.Louis Blues zone.
6:05 of 1st period - Snap shot by Jared McCann.
6:05 of 1st period - Stopped by Connor Hellebuyck without a rebound.
6:06 of 1st period - Robert Thomas wins face-off versus Raphael Lavoie in St.Louis Blues zone.
6:10 of 1st period - Off-side.
6:11 of 1st period - Raphael Lavoie wins face-off versus Robert Thomas in neutral zone.
6:14 of 1st period - Mikhail Sergachev is hit by Christian Fischer and loses puck.
6:20 of 1st period - Icing by Robert Thomas.
6:21 of 1st period - Steven Stamkos wins face-off versus Robert Thomas in St.Louis Blues zone.
6:53 of 1st period - Off-side.
6:54 of 1st period - Raphael Lavoie wins face-off versus Lars Eller in neutral zone.
7:06 of 1st period - Off-side.
7:07 of 1st period - Steven Stamkos wins face-off versus Robert Thomas in neutral zone.
7:10 of 1st period - Wrist shot by Mark Stone.
7:10 of 1st period - Stopped by Laurent Brossoit with a rebound.
7:12 of 1st period - Snap shot by Jaccob Slavin.
7:12 of 1st period - Stopped by Laurent Brossoit with a rebound.
7:14 of 1st period - Snap shot by Mark Stone.
7:14 of 1st period - Deflect By Elias Pettersson.
7:14 of 1st period - Stopped by Laurent Brossoit with a rebound.
7:40 of 1st period - Slapshot by Elias Pettersson.
7:40 of 1st period - Stopped by Laurent Brossoit with a rebound.
7:42 of 1st period - Wrist shot by Jaccob Slavin.
7:42 of 1st period - Shot Blocked by Zachary Werenski.
7:51 of 1st period - Minor Penalty to Kevin Stenlund for Holding.
7:52 of 1st period - Steven Stamkos wins face-off versus Elias Lindholm in Detroit Red Wings zone.
9:48 of 1st period - Dakota Joshua is hit by Raphael Lavoie and loses puck.
9:51 of 1st period - Penalty to Kevin Stenlund is over, Kevin Stenlund is back on ice.
10:08 of 1st period - Elias Pettersson is hit by Christian Fischer and loses puck.
10:31 of 1st period - Lars Eller is hit by Carter Verhaeghe and loses puck.
10:57 of 1st period - Lars Eller is hit by Zach Bogosian.
11:12 of 1st period - Slapshot by Kevin Stenlund.
11:12 of 1st period - Stopped by Connor Hellebuyck without a rebound.
11:13 of 1st period - Robert Thomas wins face-off versus Kevin Stenlund in St.Louis Blues zone.
11:51 of 1st period - Snap shot by Dakota Joshua.
11:51 of 1st period - Stopped by Laurent Brossoit without a rebound.
11:52 of 1st period - Raphael Lavoie wins face-off versus Lars Eller in Detroit Red Wings zone.
11:52 of 1st period - Raphael Lavoie is hit by Dakota Joshua.
12:28 of 1st period - Snap shot by Robert Thomas.
12:28 of 1st period - Deflect By Elias Pettersson.
12:28 of 1st period - Shot Misses the Net.
12:28 of 1st period - Puck is out of play.
12:29 of 1st period - Steven Stamkos wins face-off versus Logan O'Connor in Detroit Red Wings zone.
12:37 of 1st period - Off-side.
12:38 of 1st period - Yanni Gourde wins face-off versus Steven Stamkos in neutral zone.
13:03 of 1st period - Yanni Gourde is hit by Steven Stamkos and loses puck.
13:26 of 1st period - Wrist shot by Jared McCann.
13:26 of 1st period - Shot Misses the Net.
14:10 of 1st period - Off-side.
14:11 of 1st period - Robert Thomas wins face-off versus Raphael Lavoie in neutral zone.
14:24 of 1st period - Backhand shot by Shayne Gostisbehere.
14:24 of 1st period - Shot Blocked by Robert Thomas.
14:26 of 1st period - Slapshot by Zach Bogosian.
14:26 of 1st period - Stopped by Connor Hellebuyck without a rebound.
14:27 of 1st period - Lars Eller wins face-off versus Mika Zibanejad in St.Louis Blues zone.
14:34 of 1st period - Snap shot by Dakota Joshua.
14:34 of 1st period - Stopped by Laurent Brossoit with a rebound.
15:05 of 1st period - Slapshot by Elias Pettersson.
15:05 of 1st period - Stopped by Laurent Brossoit with a rebound.
15:21 of 1st period - Off-side.
15:22 of 1st period - Kevin Stenlund wins face-off versus Robert Thomas in neutral zone.
15:25 of 1st period - Nick Leddy is hit by Kevin Stenlund and loses puck.
15:44 of 1st period - Snap shot by Brendan Gallagher.
15:44 of 1st period - Deflect By Mikhail Sergachev.
15:44 of 1st period - Stopped by Connor Hellebuyck without a rebound.
15:45 of 1st period - Lars Eller wins face-off versus Raphael Lavoie in St.Louis Blues zone.
15:45 of 1st period - Lars Eller is hit by Daniel Sprong.
15:59 of 1st period - Slapshot by Dakota Joshua.
15:59 of 1st period - Shot Misses the Net.
16:01 of 1st period - Wrist shot by Lars Eller.
16:01 of 1st period - Stopped by Laurent Brossoit without a rebound.
16:02 of 1st period - Steven Stamkos wins face-off versus Robert Thomas in Detroit Red Wings zone.
16:21 of 1st period - Icing by Jake Sanderson.
16:22 of 1st period - Robert Thomas wins face-off versus Raphael Lavoie in St.Louis Blues zone.
17:43 of 1st period - Slapshot by Shayne Gostisbehere.
17:43 of 1st period - Deflect By Brendan Gallagher.
17:43 of 1st period - Shot Misses the Net.
17:43 of 1st period - Puck is out of play.
17:44 of 1st period - Dakota Joshua wins face-off versus Raphael Lavoie in St.Louis Blues zone.
17:44 of 1st period - Dakota Joshua is hit by MacKenzie Weegar.
18:39 of 1st period - Daniel Sprong is hit by Jake Guentzel and loses puck.
19:29 of 1st period - Slapshot by Matthew Boldy.
19:29 of 1st period - Shot Misses the Net.
19:40 of 1st period - Jaccob Slavin is hit by Zach Bogosian and loses puck.
19:56 of 1st period - Slapshot by Yanni Gourde.
19:56 of 1st period - Stopped by Laurent Brossoit with a rebound.
19:58 of 1st period - Wrist shot by Colin Blackwell.
19:58 of 1st period - Shot Misses the Net.
Goals for this period are 0 for St.Louis Blues vs 1 for Detroit Red Wings.
Shots for this period are 12 for St.Louis Blues vs 7 for Detroit Red Wings.
2nd period
0:01 of 2nd period - Steven Stamkos wins face-off versus Robert Thomas in neutral zone.
0:12 of 2nd period - Snap shot by Mark Stone.
0:12 of 2nd period - Shot Misses the Net.
0:14 of 2nd period - Slapshot by Alex Pietrangelo.
0:14 of 2nd period - Stopped by Laurent Brossoit with a rebound.
0:14 of 2nd period - Laurent Brossoit from Detroit Red Wings is injured at 0:14 of 2nd period (Left Hip).
0:14 of 2nd period - Calvin Pickard enters game.
0:15 of 2nd period - Steven Stamkos wins face-off versus Robert Thomas in Detroit Red Wings zone.
0:41 of 2nd period - Mika Zibanejad is hit by Tage Thompson and loses puck.
1:28 of 2nd period - Elias Pettersson is hit by Keegan Kolesar and loses puck.
2:23 of 2nd period - Wrist shot by Colin Blackwell.
2:23 of 2nd period - Stopped by Calvin Pickard with a rebound.
2:33 of 2nd period - Jake Sanderson is hit by Kevin Shattenkirk and loses puck.
3:24 of 2nd period - Shayne Gostisbehere is hit by Mikhail Sergachev and loses puck.
3:41 of 2nd period - Carter Verhaeghe is hit by Colton Parayko and loses puck.
3:52 of 2nd period - Carter Verhaeghe is hit by Logan O'Connor and loses puck.
4:05 of 2nd period - Zachary Werenski is hit by Elias Pettersson and loses puck.
4:12 of 2nd period - Robert Thomas is hit by Zach Bogosian and loses puck.
4:29 of 2nd period - Colton Parayko is hit by Brendan Gallagher.
4:51 of 2nd period - Snap shot by Brendan Gallagher.
4:51 of 2nd period - Stopped by Connor Hellebuyck without a rebound.
4:52 of 2nd period - Elias Lindholm wins face-off versus Patrick Kane in St.Louis Blues zone.
5:42 of 2nd period - Christian Fischer is hit by Alex Tuch and loses puck.
6:01 of 2nd period - Snap shot by Yanni Gourde.
6:01 of 2nd period - Stopped by Calvin Pickard without a rebound.
6:02 of 2nd period - Kevin Stenlund wins face-off versus Yanni Gourde in Detroit Red Wings zone.
6:26 of 2nd period - Logan O'Connor is hit by Zach Bogosian and loses puck.
6:31 of 2nd period - Wrist shot by Brendan Gallagher.
6:31 of 2nd period - Shot Misses the Net.
6:33 of 2nd period - Slapshot by Zachary Werenski.
6:33 of 2nd period - Deflect By Brendan Gallagher.
6:33 of 2nd period - Shot Blocked by Yanni Gourde.
6:33 of 2nd period - Puck is out of play.
6:34 of 2nd period - Mark Stone wins face-off versus Steven Stamkos in St.Louis Blues zone.
6:34 of 2nd period - Mark Stone is hit by Steven Stamkos.
6:48 of 2nd period - Wrist shot by Steven Stamkos.
6:48 of 2nd period - Stopped by Connor Hellebuyck without a rebound.
6:49 of 2nd period - Robert Thomas wins face-off versus Mika Zibanejad in St.Louis Blues zone.
7:14 of 2nd period - Jared McCann is hit by Jake Guentzel and loses puck.
7:25 of 2nd period - Jake Sanderson is hit by Steven Stamkos and loses puck.
7:42 of 2nd period - Snap shot by Daniel Sprong.
7:42 of 2nd period - Stopped by Connor Hellebuyck without a rebound.
7:43 of 2nd period - Elias Pettersson wins face-off versus Mika Zibanejad in St.Louis Blues zone.
7:45 of 2nd period - Minor Penalty to Robert Thomas for Tripping.
7:46 of 2nd period - Lars Eller wins face-off versus Jared McCann in St.Louis Blues zone.
8:04 of 2nd period - Yanni Gourde is hit by Jared McCann.
9:01 of 2nd period - Slapshot by Jared McCann.
9:01 of 2nd period - Stopped by Connor Hellebuyck with a rebound.
9:03 of 2nd period - Slapshot by Steven Stamkos.
9:03 of 2nd period - Shot Blocked by Logan O'Connor.
9:05 of 2nd period - Slapshot by Zachary Werenski.
9:05 of 2nd period - Stopped by Connor Hellebuyck without a rebound.
9:06 of 2nd period - Matthew Boldy wins face-off versus Elias Lindholm in St.Louis Blues zone.
9:09 of 2nd period - Snap shot by Mika Zibanejad.
9:09 of 2nd period - Shot Blocked by Jake Sanderson.
9:45 of 2nd period - Penalty to Robert Thomas is over, Robert Thomas is back on ice.
10:05 of 2nd period - Alex Pietrangelo is hit by Jackson LaCombe and loses puck.
10:20 of 2nd period - Wrist shot by Brendan Gallagher.
10:20 of 2nd period - Shot Misses the Net.
10:22 of 2nd period - Slapshot by MacKenzie Weegar.
10:22 of 2nd period - Shot Misses the Net.
10:24 of 2nd period - Wrist shot by Keegan Kolesar.
10:24 of 2nd period - Stopped by Connor Hellebuyck without a rebound.
10:25 of 2nd period - Lars Eller wins face-off versus Kevin Stenlund in St.Louis Blues zone.
11:00 of 2nd period - Icing by Daniel Sprong.
11:01 of 2nd period - Raphael Lavoie wins face-off versus Mark Stone in Detroit Red Wings zone.
11:01 of 2nd period - Raphael Lavoie is hit by Elias Pettersson.
11:39 of 2nd period - Wrist shot by Mika Zibanejad.
11:39 of 2nd period - Stopped by Connor Hellebuyck without a rebound.
11:40 of 2nd period - Steven Stamkos wins face-off versus Robert Thomas in St.Louis Blues zone.
11:53 of 2nd period - Snap shot by Robert Thomas.
11:53 of 2nd period - Stopped by Calvin Pickard with a rebound.
11:55 of 2nd period - Snap shot by Mark Stone.
11:55 of 2nd period - Shot Misses the Net.
12:05 of 2nd period - Jaccob Slavin is hit by Mika Zibanejad and loses puck.
12:14 of 2nd period - Slapshot by Mika Zibanejad.
12:14 of 2nd period - Shot Blocked by Tage Thompson.
12:16 of 2nd period - Snap shot by Matthew Boldy.
12:16 of 2nd period - Stopped by Connor Hellebuyck without a rebound.
12:17 of 2nd period - Raphael Lavoie wins face-off versus Robert Thomas in St.Louis Blues zone.
13:31 of 2nd period - Snap shot by Yanni Gourde.
13:31 of 2nd period - Goal by Yanni Gourde - St.Louis Blues : 1 - Detroit Red Wings : 1.
13:32 of 2nd period - Mika Zibanejad wins face-off versus Robert Thomas in neutral zone.
13:35 of 2nd period - Jaccob Slavin is hit by Carter Verhaeghe and loses puck.
14:02 of 2nd period - Wrist shot by Daniel Sprong.
14:02 of 2nd period - Stopped by Connor Hellebuyck without a rebound.
14:03 of 2nd period - Raphael Lavoie wins face-off versus Elias Lindholm in St.Louis Blues zone.
14:12 of 2nd period - Snap shot by Alex Pietrangelo.
14:12 of 2nd period - Stopped by Calvin Pickard without a rebound.
14:13 of 2nd period - Mika Zibanejad wins face-off versus Elias Lindholm in Detroit Red Wings zone.
14:13 of 2nd period - Mika Zibanejad is hit by Jake Guentzel.
14:33 of 2nd period - Backhand shot by Tage Thompson.
14:33 of 2nd period - Shot Misses the Net.
16:01 of 2nd period - Wrist shot by Mika Zibanejad.
16:01 of 2nd period - Stopped by Connor Hellebuyck with a rebound.
16:13 of 2nd period - Wrist shot by Steven Stamkos.
16:13 of 2nd period - Shot Blocked by Nick Leddy.
16:47 of 2nd period - Snap shot by Christian Fischer.
16:47 of 2nd period - Stopped by Connor Hellebuyck with a rebound.
17:23 of 2nd period - Snap shot by Brendan Gallagher.
17:23 of 2nd period - Stopped by Connor Hellebuyck with a rebound.
17:25 of 2nd period - Wrist shot by Kevin Stenlund.
17:25 of 2nd period - Stopped by Connor Hellebuyck without a rebound.
17:26 of 2nd period - Elias Pettersson wins face-off versus Patrick Kane in St.Louis Blues zone.
18:14 of 2nd period - Raphael Lavoie is hit by Tage Thompson and loses puck.
18:39 of 2nd period - Snap shot by Keegan Kolesar.
18:39 of 2nd period - Stopped by Connor Hellebuyck with a rebound.
18:41 of 2nd period - Slapshot by MacKenzie Weegar.
18:41 of 2nd period - Stopped by Connor Hellebuyck with a rebound.
19:07 of 2nd period - Wrist shot by Patrick Kane.
19:07 of 2nd period - Shot Blocked by Jake Sanderson.
19:20 of 2nd period - Off-side.
19:21 of 2nd period - Dakota Joshua wins face-off versus Mika Zibanejad in neutral zone.
19:24 of 2nd period - Slapshot by Alex Tuch.
19:24 of 2nd period - Stopped by Calvin Pickard without a rebound.
19:25 of 2nd period - Robert Thomas wins face-off versus Mika Zibanejad in Detroit Red Wings zone.
19:26 of 2nd period - Slapshot by Elias Pettersson.
19:26 of 2nd period - Shot Misses the Net.
19:57 of 2nd period - Wrist shot by Steven Stamkos.
19:57 of 2nd period - Shot Blocked by Colton Parayko.
19:59 of 2nd period - Snap shot by Steven Stamkos.
19:59 of 2nd period - Stopped by Connor Hellebuyck without a rebound.
Goals for this period are 1 for St.Louis Blues vs 0 for Detroit Red Wings.
Shots for this period are 7 for St.Louis Blues vs 16 for Detroit Red Wings.
3rd period
0:01 of 3rd period - Mika Zibanejad wins face-off versus Robert Thomas in neutral zone.
0:32 of 3rd period - Wrist shot by Steven Stamkos.
0:32 of 3rd period - Shot Misses the Net.
0:40 of 3rd period - Wrist shot by Steven Stamkos.
0:40 of 3rd period - Stopped by Connor Hellebuyck without a rebound.
0:41 of 3rd period - Raphael Lavoie wins face-off versus Robert Thomas in St.Louis Blues zone.
0:50 of 3rd period - Wrist shot by Shayne Gostisbehere.
0:50 of 3rd period - Deflect By Robert Thomas.
0:50 of 3rd period - Stopped by Connor Hellebuyck without a rebound.
0:51 of 3rd period - Robert Thomas wins face-off versus Raphael Lavoie in St.Louis Blues zone.
1:26 of 3rd period - Snap shot by Shayne Gostisbehere.
1:26 of 3rd period - Stopped by Connor Hellebuyck with a rebound.
1:28 of 3rd period - Slapshot by Zach Bogosian.
1:28 of 3rd period - Shot Blocked by Jake Sanderson.
1:30 of 3rd period - Slapshot by Zach Bogosian.
1:30 of 3rd period - Deflect By Mark Stone.
1:30 of 3rd period - Stopped by Connor Hellebuyck with a rebound.
1:32 of 3rd period - Wrist shot by Daniel Sprong.
1:32 of 3rd period - Shot Misses the Net.
1:34 of 3rd period - Wrist shot by Daniel Sprong.
1:34 of 3rd period - Shot Misses the Net.
1:36 of 3rd period - Wrist shot by Christian Fischer.
1:36 of 3rd period - Stopped by Connor Hellebuyck with a rebound.
1:38 of 3rd period - Wrist shot by Raphael Lavoie.
1:38 of 3rd period - Stopped by Connor Hellebuyck without a rebound.
1:39 of 3rd period - Mika Zibanejad wins face-off versus Elias Lindholm in St.Louis Blues zone.
1:52 of 3rd period - Snap shot by Tage Thompson.
1:52 of 3rd period - Shot Misses the Net.
2:14 of 3rd period - Wrist shot by Patrick Kane.
2:14 of 3rd period - Shot Blocked by Mikhail Sergachev.
2:16 of 3rd period - Wrist shot by MacKenzie Weegar.
2:16 of 3rd period - Shot Blocked by Nick Leddy.
2:18 of 3rd period - Snap shot by Steven Stamkos.
2:18 of 3rd period - Stopped by Connor Hellebuyck without a rebound.
2:19 of 3rd period - Lars Eller wins face-off versus Steven Stamkos in St.Louis Blues zone.
2:51 of 3rd period - Snap shot by Matthew Boldy.
2:51 of 3rd period - Shot Misses the Net.
2:53 of 3rd period - Wrist shot by Carter Verhaeghe.
2:53 of 3rd period - Shot Misses the Net.
2:55 of 3rd period - Wrist shot by Matthew Boldy.
2:55 of 3rd period - Stopped by Connor Hellebuyck with a rebound.
3:36 of 3rd period - Snap shot by Jake Sanderson.
3:36 of 3rd period - Shot Misses the Net.
3:56 of 3rd period - Wrist shot by Lars Eller.
3:56 of 3rd period - Stopped by Calvin Pickard with a rebound.
4:23 of 3rd period - Robert Thomas is hit by Steven Stamkos and loses puck.
4:28 of 3rd period - Wrist shot by Steven Stamkos.
4:28 of 3rd period - Stopped by Connor Hellebuyck without a rebound.
4:29 of 3rd period - Elias Lindholm wins face-off versus Mika Zibanejad in St.Louis Blues zone.
4:44 of 3rd period - Snap shot by Matthew Boldy.
4:44 of 3rd period - Stopped by Connor Hellebuyck with a rebound.
5:08 of 3rd period - Kevin Shattenkirk is hit by Jake Sanderson.
5:12 of 3rd period - Kevin Shattenkirk is hit by Jaccob Slavin and loses puck.
5:23 of 3rd period - Wrist shot by Alex Tuch.
5:23 of 3rd period - Stopped by Calvin Pickard without a rebound.
5:24 of 3rd period - Robert Thomas wins face-off versus Mika Zibanejad in Detroit Red Wings zone.
5:29 of 3rd period - Wrist shot by Elias Pettersson.
5:29 of 3rd period - Stopped by Calvin Pickard without a rebound.
5:30 of 3rd period - Mika Zibanejad wins face-off versus Robert Thomas in Detroit Red Wings zone.
5:37 of 3rd period - Wrist shot by Mika Zibanejad.
5:37 of 3rd period - Shot Misses the Net.
5:39 of 3rd period - Slapshot by MacKenzie Weegar.
5:39 of 3rd period - Shot Blocked by Colton Parayko.
5:41 of 3rd period - Backhand shot by Carter Verhaeghe.
5:41 of 3rd period - Stopped by Connor Hellebuyck with a rebound.
5:43 of 3rd period - Slapshot by MacKenzie Weegar.
5:43 of 3rd period - Shot Blocked by Alex Pietrangelo.
5:45 of 3rd period - Slapshot by Mika Zibanejad.
5:45 of 3rd period - Shot Blocked by Robert Thomas.
7:31 of 3rd period - Steven Stamkos is hit by Tage Thompson and loses puck.
7:54 of 3rd period - Wrist shot by Daniel Sprong.
7:54 of 3rd period - Stopped by Connor Hellebuyck with a rebound.
7:56 of 3rd period - Wrist shot by Daniel Sprong.
7:56 of 3rd period - Stopped by Connor Hellebuyck with a rebound.
8:14 of 3rd period - MacKenzie Weegar is hit by Alex Tuch and loses puck.
8:38 of 3rd period - Off-side.
8:39 of 3rd period - Yanni Gourde wins face-off versus Mika Zibanejad in neutral zone.
8:54 of 3rd period - Wrist shot by Logan O'Connor.
8:54 of 3rd period - Stopped by Calvin Pickard with a rebound.
9:06 of 3rd period - Snap shot by Lars Eller.
9:06 of 3rd period - Shot Misses the Net.
9:38 of 3rd period - Wrist shot by Daniel Sprong.
9:38 of 3rd period - Shot Misses the Net.
10:24 of 3rd period - Wrist shot by Carter Verhaeghe.
10:24 of 3rd period - Stopped by Connor Hellebuyck with a rebound.
10:54 of 3rd period - Mark Stone is hit by Raphael Lavoie and loses puck.
11:01 of 3rd period - Snap shot by Daniel Sprong.
11:01 of 3rd period - Shot Blocked by Jaccob Slavin.
11:03 of 3rd period - Wrist shot by Christian Fischer.
11:03 of 3rd period - Deflect By Daniel Sprong.
11:03 of 3rd period - Stopped by Connor Hellebuyck with a rebound.
11:05 of 3rd period - Slapshot by Daniel Sprong.
11:05 of 3rd period - Stopped by Connor Hellebuyck without a rebound.
11:06 of 3rd period - Elias Lindholm wins face-off versus Mika Zibanejad in St.Louis Blues zone.
11:21 of 3rd period - Tage Thompson is hit by MacKenzie Weegar and loses puck.
12:00 of 3rd period - Slapshot by Lars Eller.
12:00 of 3rd period - Deflect By Shayne Gostisbehere.
12:00 of 3rd period - Stopped by Calvin Pickard without a rebound.
12:01 of 3rd period - Elias Lindholm wins face-off versus Raphael Lavoie in Detroit Red Wings zone.
12:50 of 3rd period - MacKenzie Weegar is hit by Elias Lindholm and loses puck.
13:02 of 3rd period - Off-side.
13:03 of 3rd period - Mika Zibanejad wins face-off versus Robert Thomas in neutral zone.
13:40 of 3rd period - Snap shot by Dakota Joshua.
13:40 of 3rd period - Stopped by Calvin Pickard with a rebound.
13:54 of 3rd period - Snap shot by Yanni Gourde.
13:54 of 3rd period - Stopped by Calvin Pickard without a rebound.
13:55 of 3rd period - Yanni Gourde wins face-off versus Kevin Stenlund in Detroit Red Wings zone.
14:04 of 3rd period - Slapshot by Jake Sanderson.
14:04 of 3rd period - Stopped by Calvin Pickard with a rebound.
14:06 of 3rd period - Wrist shot by Colin Blackwell.
14:06 of 3rd period - Stopped by Calvin Pickard with a rebound.
14:13 of 3rd period - Major / Game Misconduct Penalty to MacKenzie Weegar for Attempt to injure.
14:13 of 3rd period - MacKenzie Weegar is ejected from game.
14:14 of 3rd period - Robert Thomas wins face-off versus Mika Zibanejad in Detroit Red Wings zone.
15:12 of 3rd period - Tage Thompson is hit by Jared McCann and loses puck.
15:29 of 3rd period - Keegan Kolesar is hit by Elias Pettersson and loses puck.
17:41 of 3rd period - Dakota Joshua is hit by Daniel Sprong and loses puck.
18:46 of 3rd period - Nick Leddy is hit by Kevin Shattenkirk and loses puck.
19:13 of 3rd period - Penalty to MacKenzie Weegar is over, Steven Stamkos is send on ice.
19:59 of 3rd period - Jared McCann is hit by Colton Parayko and loses puck.
Goals for this period are 0 for St.Louis Blues vs 0 for Detroit Red Wings.
Shots for this period are 9 for St.Louis Blues vs 16 for Detroit Red Wings.
Overtime #1
0:01 of 1st overtime period - Elias Lindholm wins face-off versus Mika Zibanejad in neutral zone.
0:08 of 1st overtime period - Snap shot by Elias Pettersson.
0:08 of 1st overtime period - Goal by Elias Pettersson - St.Louis Blues : 2 - Detroit Red Wings : 1.
Goals for this period are 1 for St.Louis Blues vs 0 for Detroit Red Wings.
Shots for this period are 1 for St.Louis Blues vs 0 for Detroit Red Wings.
Back to the Top